AoeStats
← Claudito10

Black Forest

510003180Analyzed
3v3 RM · 3d ago on Sep 29, 2026· 65m 0s· 6 players
Game mode
Random Map
Map size
Normal (6 player)
Population
200
Speed
Normal
Resources
Standard
Victory
Conquest
Starting age
Dark Age
Ending age
Imperial Age
RankedLock teamsTeams togetherTeam positionsShared explorationLock speedFull tech treeHidden civsTurbo modeCheats
Victory
Defeat
🇪🇨 Franks · Ecuador
613
+10
🇨🇦 Turks · Canada
538
+13
🇨🇦 Bohemians · Canada
529
+12
🇨🇱 Turks · Chile
532
-24
🇦🇷 Chinese · Argentina
458
-11
🇦🇷 Byzantines · Argentina
400
-9
JetTitan514
15:53 Feudal Age
23:17 Castle Age
21:50 Bloodlines
23:31 Scale Barding Armor
25:55 Husbandry
37:17 Imperial Age
35:07 Forging
37:02 Gold Mining
36:59 Horse Collar
37:15 Double-Bit Axe
38:40 Wheelbarrow
40:01 Artillery
41:40 Hand Cart
42:10 Elite Janissary
43:54 Fortified Wall
44:10 Bombard Tower
44:03 Scale Mail Armor
44:06 Padded Archer Armor
45:14 Chain Mail Armor
48:52 Chain Barding Armor
49:09 Iron Casting
50:15 Plate Barding Armor
50:13 Plate Mail Armor
50:03 Leather Archer Armor
50:28 Caravan
53:28 Blast Furnace
SAQUIMAN
1:14 Loom
11:36 Feudal Age
12:30 Double-Bit Axe
13:05 Town Watch
19:15 Wheelbarrow
24:07 Castle Age
22:54 Gold Mining
23:46 Forging
25:25 Bow Saw
25:04 Pikeman
26:15 Scale Barding Armor
26:18 Town Patrol
28:31 Iron Casting
30:29 Hand Cart
30:34 Padded Archer Armor
31:20 Husbandry
30:41 Light Cavalry
31:29 Elite Skirmisher
35:34 Stone Mining
36:20 Gold Shaft Mining
40:39 Imperial Age
38:34 Leather Archer Armor
40:49 Capped Ram
41:56 Cavalier
43:25 Paladin
51:32 Gambesons
53:57 Halberdier
56:57 Squires
62:59 Fletching
63:33 Chain Barding Armor
64:18 Onager
Alfredo
13:06 Feudal Age
20:14 Castle Age
20:32 Fletching
26:36 Double-Bit Axe
28:39 Wheelbarrow
30:10 Chemistry
30:23 Bow Saw
31:12 Bodkin Arrow
35:36 Imperial Age
34:40 Sanctity
34:56 Wagenburg Tactics
35:49 Hand Cart
36:25 Town Watch
37:01 Siege Engineers
38:09 Two-Man Saw
38:32 Man-at-Arms
39:18 Bracer
40:40 Town Patrol
41:47 Conscription
41:29 Houfnice
51:22 Caravan
Claudito10
15:43 Feudal Age
18:02 Wheelbarrow
17:14 Loom
17:49 Double-Bit Axe
22:20 Horse Collar
26:50 Castle Age
25:37 Gold Mining
25:38 Stone Mining
29:24 Hand Cart
29:18 Town Watch
30:41 Bow Saw
32:20 Town Patrol
33:07 Fortified Wall
36:11 Imperial Age
34:26 Heavy Plow
34:35 Treadmill Crane
37:50 Gold Shaft Mining
37:23 Caravan
39:21 Conscription
42:34 Elite Janissary
45:09 Artillery
47:03 Two-Man Saw
46:00 Fletching
46:11 Padded Archer Armor
48:18 Bodkin Arrow
48:39 Leather Archer Armor
50:03 Ballistics
50:36 Bracer
52:35 Ring Archer Armor
Elshinobishileno
0:53 Loom
16:49 Feudal Age
18:18 Wheelbarrow
17:40 Horse Collar
17:52 Double-Bit Axe
18:53 Stone Mining
19:06 Gold Mining
28:01 Castle Age
29:29 Hand Cart
29:49 Heavy Plow
32:51 Coinage
32:22 Caravan
32:36 Bow Saw
33:25 Gold Shaft Mining
33:28 Stone Shaft Mining
39:26 Imperial Age
36:45 Town Watch
41:23 Banking
41:58 Two-Man Saw
41:19 Heavy Rocket Cart
43:08 Great Wall
43:08 Elite Chu Ko Nu
46:17 Rocketry
54:19 Heavy Scorpion
56:25 Conscription
Bolivian Guy
13:59 Feudal Age
16:05 Double-Bit Axe
20:16 Horse Collar
21:24 Wheelbarrow
27:29 Castle Age
28:46 Hand Cart
28:44 Bow Saw
28:03 Crossbowman
28:38 Fletching
28:55 Scale Barding Armor
29:57 Squires
29:20 Pikeman
30:53 Heavy Plow
32:14 Stone Mining
32:17 Gold Mining
33:36 Thumb Ring
34:19 Chain Barding Armor
35:27 Stone Shaft Mining
35:27 Gold Shaft Mining
39:33 Coinage
39:04 Caravan
42:01 Thumb Ring
45:23 Imperial Age
46:16 Halberdier
47:03 Heavy Camel Rider
49:55 Halberdier
50:51 Husbandry
Connection lost

Rejoining the realm…

Still unreachable

The connection could not be restored.

Session expired

The server has moved on; the page needs a fresh start.